 Dungeon Crawl Stone Soup version 0.29.1-4-g47bece8355 (webtiles) character file.

Game seed: 6800581469327790897

128 leafyfresh the Ducker (level 5, 0/35 HPs)
             Began as a Djinni Ice Elementalist on Dec 4, 2022.
             Killed by their own static electricity (1 damage)
             ... on level 3 of the Dungeon.
             The game lasted 00:05:34 (3944 turns).

leafyfresh the Ducker (Djinni Ice Elementalist)     Turns: 3944, Time: 00:05:34

Health: 0/35       AC:  9    Str:  7    XL:     5   Next: 33%
Gold:   100        EV: 13    Int: 18    God:
                   SH:  0    Dex: 14

rFire   + + .      SeeInvis .   v - +2 rapier (freeze)
rCold   x . .      Faith    .   (no shield)
rNeg    . . .      Spirit   .   a - +0 robe
rPois   ∞          Reflect  .   (no helmet)
rElec   .          Harm     .   p - +0 cloak
rCorr   .          Rampage  .   (no gloves)
Will    .....                   (boots unavailable)
Stlth   ++........              (no amulet)
HPRegen 0.11/turn               (no ring)
MPRegen 0.00/turn               (no ring)

@: ice-armoured, freezing walls, flying
A: sickness immunity, fire resistance 2, cold vulnerability 1, float, innate
caster, HP casting, extra vitality 1
a: no special abilities


You were on level 3 of the Dungeon.
You visited 1 branch of the dungeon, and saw 3 of its levels.

You collected 100 gold pieces.

Inventory:

Hand Weapons
 d - a +0 club
 v - a +2 rapier of freezing (weapon)
Missiles
 l - 5 poisoned darts (quivered)
Armour
 a - a +0 robe (worn)
 p - a +0 cloak (worn)
Scrolls
 b - 5 scrolls of identify {unknown}
 c - 2 scrolls of noise {unknown}
 e - a scroll of enchant weapon {unknown}
 f - a scroll of vulnerability {unknown}
 i - 3 scrolls of blinking {unknown}
 j - 2 scrolls of butterflies {unknown}
 k - a scroll of brand weapon {unknown}
 m - a scroll of amnesia {unknown}
 n - 3 scrolls of teleportation {unknown}
 q - a scroll of immolation {unknown}
 r - a scroll of poison {unknown}
 u - a scroll of magic mapping {unknown}
 w - a scroll of silence {unknown}
Potions
 g - 2 potions of lignification {unknown}
 h - a potion of might {unknown}
 o - a potion of attraction {unknown}
 s - a potion of invisibility {unknown}
 t - a potion of flight {unknown}
 x - a potion of magic {unknown}


   Skills:
 + Level 4.2 Dodging
 - Level 1.5 Stealth
 + Level 4.1 Spellcasting


You couldn't memorise any spells.
You knew the following spells:

 Your Spells              Type           Power      Damage    Failure   Level
a - Freeze                Ice            72%        1d9       2%          1
b - Frozen Ramparts       Ice            36%        1d6       8%          3
c - Ozocubu's Armour      Ice            18%        N/A       8%          3
d - Hailstorm             Conj/Ice       18%        3d6       26%         4
e - Summon Small Mammal   Summ           72%        N/A       2%          1
f - Static Discharge      Conj/Air       18%        3-6/arc   4%          2
Your spell library was empty.

Dungeon Overview and Level Annotations

Branches:
Dungeon (3/15)

Altars:
Wu Jian
Yredelemnul


Innate Abilities, Weirdness & Mutations

You are immune to sickness and miasma.
You are immune to poison.
Your flesh is very heat resistant. (rF++)
You are vulnerable to cold. (rC-)
You float through the air rather than walking.
You learn spells naturally, not from books.
Your magical power is your life essence.
You have superior vitality. (+4 MHP)


Message History

Confirm with . or Enter, or press ? or * to list all spells.
You don't know that spell.
Terence hits you with a +0 trident! Terence hits you with a +0 trident.
There is a stone staircase leading up here.
Unknown command.
Casting: Frozen Ramparts (dangerous; 8% risk of failure)
Confirm with . or Enter, or press ? or * to list all spells.
Casting: Frozen Ramparts (dangerous; 8% risk of failure)
Press: ? - help, Dir - look around, f - activate A stone staircase leading up.
The walls around you are covered in ice.
The wall freezes Terence.
Terence hits you with a +0 trident.
Casting: Frozen Ramparts (dangerous; 8% risk of failure)
Confirm with . or Enter, or press ? or * to list all spells.
A film of ice covers your body!
The wall freezes Terence.
Terence closely misses you.
The wall freezes Terence but does no damage.
Terence closely misses you.
Casting: Ozocubu's Armour (dangerous; 8% risk of failure)
Confirm with . or Enter, or press ? or * to list all spells.
Okay, then.
Casting: Ozocubu's Armour (dangerous; 8% risk of failure)
Confirm with . or Enter, or press ? or * to list all spells.
Terence is struck by an arc of lightning.
Terence is moderately wounded.
You are struck by an arc of lightning.
* * * LOW HITPOINT WARNING * * *
Terence is struck by an arc of lightning.
Terence is severely wounded.
The lightning grounds out.
* * * LOW HITPOINT WARNING * * *
The wall freezes Terence.
Terence hits you with a +0 trident!
* * * LOW HITPOINT WARNING * * *
Unknown command.
Casting: Static Discharge (safe; 4% risk of failure)
Confirm with . or Enter, or press ? or * to list all spells.
Terence is struck by an arc of lightning!
You kill Terence!
You are struck by an arc of lightning.
You die...

#.#......†..........#...#
#.#.#################...#
......# #.........# #...#
#.#.#.# #.........###...#
#.#.#.# #.........#....##
#.#.#.###.........+....##
.<................#.....#
#.#..###.#######..+.....#
#....# #.#######@##.....#
....## #...#.....)......#
....######..............#
##.....)................#
.+...................####
##...................#
##...................###
..........##...........#
..................##.#.#


There were no monsters in sight!

Vanquished Creatures
  An iguana (D:3)
  Terence (D:3)
  4 adders
  A gnoll (D:1)
  A dart slug (D:1)
  A bat (D:3)
  6 endoplasms
  3 giant cockroaches
  3 goblins
  5 hobgoblins
  3 quokkas
  6 ball pythons
  6 frilled lizards
  7 kobolds
  6 rats
54 creatures vanquished.

Notes
Turn   | Place    | Note
-------+----------+-------------------------------------------
     0 | D:1      | leafyfresh the Djinni Ice Elementalist began the quest for
                  | the Orb.
     0 | D:1      | leafyfresh set off with the following spells memorised:
                  | Freeze, Frozen Ramparts, Ozocubu's Armour, Hailstorm.
     0 | D:1      | Reached XP level 1. HP: 15/15 MP: 0/0
   361 | D:1      | Reached XP level 2. HP: 15/21 MP: 0/0
   809 | D:1      | Reached XP level 3. HP: 9/25 MP: 0/0
   809 | D:1      | Learned a level 1 spell: Summon Small Mammal
  1216 | D:1      | Found a faded altar of an unknown god.
  2025 | D:2      | Reached XP level 4. HP: 23/31 MP: 0/0
  2621 | D:2      | Found a basalt altar of Yredelemnul.
  3192 | D:3      | Noticed Terence
  3378 | D:3      | Found an ornate altar of the Wu Jian Council.
  3603 | D:3      | Reached XP level 5. HP: 22/35 MP: 0/0
  3603 | D:3      | Learned a level 2 spell: Static Discharge
  3944 | D:3      | Killed Terence
  3944 | D:3      | Killed from afar by themself

Illustrated notes

Levels and vault maps discovered:
D:1:      dpeg_arrival_rhombi, layout_loops_ring, ebering_ecumenical_altar_rust
D:2:      layout_loops_ring, basic_altar, minmay_tetromino_s2
D:3:      layout_basic, nzn_wu_jian_contemplation, minmay_increasing_density,
          uniq_terence

Skill      XL: |  1  2  3  4 |
---------------+-------------+-----
Dodging        | 3 4 |  4.2
Spellcasting   | 4 |  4.1
Stealth        | |  1.5

Action                   |  1- 3 |  4- 6 || total
-------------------------+-------+-------++-------
Melee: Club              |    25 |    47 ||    72
       Unarmed           |     2 |       ||     2
       Punch             |     1 |       ||     1
       Rapier            |       |    18 ||    18
 Cast: Freeze            |    17 |       ||    17
       Frozen Ramparts   |     6 |     5 ||    11
       Ozocubu's Armour  |       |     1 ||     1
       Static Discharge  |       |     1 ||     1
 Stab: Sleeping          |       |     6 ||     6
Armor: Robe              |     6 |    11 ||    17
Dodge: Dodged            |    23 |    50 ||    73
